 Dungeon Crawl Stone Soup version 0.24.1-14-gf8d2b509d9 (webtiles) character file.

Game seed: 2004775856258018165, levelgen mode: deterministic

587 inmateoo the Vandal (level 7, -5/46 HPs)
             Began as a Halfling Hunter on Dec 8, 2019.
             Killed from afar by an electric eel (13 damage)
             ... with a bolt of electricity
             ... on level 7 of the Dungeon on Feb 24, 2024.
             The game lasted 00:08:39 (4719 turns).

inmateoo the Vandal (Halfling Hunter)               Turns: 4719, Time: 00:08:40

Health: -5/46      AC:  9    Str: 14    XL:     7   Next: 65%
Magic:  7/7        EV: 16    Int:  9    God:
Gold:   244        SH:  0    Dex: 16    Spells: 6/6 levels left

rFire    + . .     SeeInvis .   i - +1 spear (venom)
rCold    . . .     Gourm    .   (shield restricted)
rNeg     . . .     Faith    .   o - +2 leather armour {rF+}
rPois    .         Spirit   .   (no helmet)
rElec    .         Reflect  .   (no cloak)
rCorr    .         Harm     .   (no gloves)
MR       .....                  (no boots)
Stlth    +.........             (no amulet)
HPRegen  0.15/turn              j - +4 ring of protection
MPRegen  0.10/turn              b - ring of attention (curse)

@: no status effects
A: small, mutation resistance 1
a: no special abilities


You were on level 7 of the Dungeon.
You were very hungry.

You visited 1 branch of the dungeon, and saw 5 of its levels.

You collected 244 gold pieces.

Inventory:

Hand Weapons
 i - a +1 spear of venom (weapon)
Armour
 o - a +2 leather armour of fire resistance (worn)
Jewellery
 b - a cursed ring of attention (right hand)
 j - a +4 ring of protection (left hand)
 p - an uncursed ring of flight {unknown}
Wands
 e - a wand of random effects (26)
 n - a wand of paralysis (5)
 q - a wand of scattershot (7)
Scrolls
 k - 2 scrolls of fear
 l - 2 scrolls of teleportation
Potions
 a - a potion of cancellation {unknown}
 c - a potion of mutation
 d - 2 potions of lignification
 g - a potion of haste {unknown}
 h - a potion of flight {unknown}
 m - 3 potions of heal wounds {unknown}
Comestibles
 f - 5 rations


   Skills:
 + Level 3.5 Fighting
 * Level 2.9 Polearms
   Level 6.7 Slings
 + Level 3.4 Armour
 + Level 4.2 Dodging
 - Level 2.9 Stealth


You had 6 spell levels left.
You didn't know any spells.
Your spell library was empty.

Dungeon Overview and Level Annotations

Branches:
Dungeon (4/15)
 Temple: D:4-7

Altars:
Ashenzari
Gozag
Nemelex Xobeh
Sif Muna


Innate Abilities, Weirdness & Mutations

You are small and have problems with some larger weapons.
You are somewhat resistant to further mutation.


Message History

The bolt of electricity hits the plant!
The bolt of electricity misses you.
The electric eel shoots out a bolt of lightning at you!
The bolt of electricity hits you!
The electric eel shoots out a bolt of lightning at you!
The bolt of electricity hits you!
The electric eel shoots out a bolt of lightning at you!
The bolt of electricity hits the plant!
The bolt of electricity misses you.
Evoke which item? (* to show all) (? for menu, Esc to quit)
Aiming: Random Effects
Press: ? - help, Shift-Dir - straight line, f - electric eel
Aim: an electric eel (water)
The electric eel looks slightly unstable.
The electric eel shoots out a bolt of lightning at you!
The bolt of electricity hits you!
The electric eel shoots out a bolt of lightning at you!
The bolt of electricity hits the plant.
The bolt of electricity hits you.
* * * LOW HITPOINT WARNING * * *
The electric eel shoots out a bolt of lightning at you!
The bolt of electricity hits you!
You die...

≈≈≈≈≈≈≈≈≈≈≈≈≈≈≈≈≈≈...
≈≈≈P≈≈≈≈≈;;≈≈≈P≈≈≈.≈...
≈≈≈≈.≈.≈P≈P≈..≈≈≈.≈....
≈..........!..........#
.............#########
#...........#
#...........#
#..[........#
#$......@...###
#.............#
#########...#######...#
#...........# #...#
#..........## #...#
#..........# #...#
#..........# #...#
#..........# #####
#..........#


You could see 2 electric eels.

Vanquished Creatures
  Sigmund (D:3)
  A phantom (D:4)
  An ogre (D:3)
  An iguana (D:4)
  Ijyb (D:3)
  Jessica (D:3)
  Terence (D:3)
  A hound skeleton (D:4)
  4 gnolls (D:3)
  4 adders
  2 oozes
  An adder skeleton (D:4)
  A worm (D:2)
  A leopard gecko (D:2)
  2 orcs (D:4)
  2 ball pythons
  A giant cockroach (D:1)
  7 hobgoblins
  3 jackals (D:1)
  4 bats
  3 frilled lizards (D:1)
  9 goblins
  A jackal skeleton (D:4)
  9 kobolds
  5 rats
67 creatures vanquished.

Notes
Turn   | Place    | Note
-------+----------+-------------------------------------------
     0 | D:1      | inmateoo the Halfling Hunter began the quest for the Orb.
     0 | D:1      | Reached XP level 1. HP: 14/14 MP: 1/1
    81 | D:1      | Reached XP level 2. HP: 19/19 MP: 2/2
   207 | D:1      | Reached skill level 6 in Slings
   984 | D:1      | Reached XP level 3. HP: 21/24 MP: 3/3
   992 | D:1      | Reached skill level 1 in Armour
  1591 | D:2      | Reached XP level 4. HP: 29/29 MP: 4/4
  1952 | D:2      | Found an opulent altar of Gozag.
  2089 | D:2      | Found a shimmering blue altar of Sif Muna.
  2360 | D:3      | Reached XP level 5. HP: 35/35 MP: 5/5
  2499 | D:3      | Found a sparkling altar of Nemelex Xobeh.
  2503 | D:3      | Noticed Jessica
  2507 | D:3      | Killed Jessica
  2548 | D:3      | Upgraded the game from 0.24.0-37-gcf1ca852f1 to
                  | 0.24.1-4-ge52af88ad5
  2548 | D:3      | Upgraded the game from 0.24.1-4-ge52af88ad5 to
                  | 0.24.1-8-ga250c9d538
  2613 | D:2      | Upgraded the game from 0.24.1-8-ga250c9d538 to
                  | 0.24.1-14-gf8d2b509d9
  2731 | D:3      | Noticed Ijyb
  2735 | D:3      | Paralysed by Ijyb for 6 turns
  2749 | D:3      | Paralysed by Ijyb for 4 turns
  2750 | D:3      | Killed Ijyb
  2915 | D:3      | Found a shattered altar of Ashenzari.
  2962 | D:3      | Noticed Sigmund
  2962 | D:3      | Noticed Terence
  2981 | D:3      | Killed Sigmund
  2981 | D:3      | Reached skill level 1 in Polearms
  2981 | D:3      | Reached XP level 6. HP: 42/42 MP: 6/6
  2989 | D:3      | Killed Terence
  3356 | D:4      | Reached XP level 7. HP: 46/46 MP: 7/7
  3410 | D:3      | HP: 2/46 [ogre/+0 giant spiked club (23)]
  4354 | D:4      | You fall into a shaft and drop 3 floors!
  4719 | D:7      | Killed from afar by an electric eel

Levels and vault maps discovered:
D:1:      lemuel_arrival_hallway, layout_basic, serial_park_tiny_2
D:2:      layout_loops_cross, lemuel_coloured_pillars_altar,
          nicolae_gozag_seed_capital
D:3:      layout_basic, nemelex_xobeh_ov_fountains_minmay, serial_bayou,
          serial_bayou_pond_d, serial_bayou_pond_d, serial_bayou_pond_e,
          serial_bayou_pond_d, serial_bayou_pond_d,
          nicolae_ashenzari_panopticon, uniq_ijyb, uniq_sigmund, uniq_terence,
          uniq_jessica
D:4:      layout_basic, first_ration, minmay_diced_spiral
D:7:      layout_basic, serial_shops, nicolae_shop_behind_doors,
          chequers_big_river

Skill      XL: |  1  2  3  4  5  6  7 |
---------------+----------------------+-----
Slings         | 6 |  6.7
Fighting       | 2 3 |  3.5
Armour         | 1 2 3 |  3.4
Stealth        | 2 |  2.9
Dodging        | 3 4 |  4.2
Polearms       | 1 2 |  2.9

Action                   |  1- 3 |  4- 6 |  7- 9 || total
-------------------------+-------+-------+-------++-------
Melee: Spear             |       |    67 |    58 ||   125
 Fire: Hunting sling     |   107 |    71 |       ||   178
Evoke: Wand              |       |       |     4 ||     4
  Use: Scroll            |     4 |     2 |       ||     6
 Stab: Sleeping          |       |       |     1 ||     1
  Eat: Chunk             |     1 |     6 |       ||     7
       Ration            |       |       |     1 ||     1
Armor: Leather armour    |     3 |    17 |     6 ||    26
       Ring mail         |     2 |     8 |       ||    10
Dodge: Dodged            |    15 |    47 |    29 ||    91
